% Time on Ice - ANAHEIM OUTLAWS
Lines # - Real PCT - Wanted PCT - Time Play
Normal Forward
1 - 35% - 36% - 19:05
2 - 30% - 31% - 16:20
3 - 22% - 23% - 11:51
4 - 13% - 10% - 6:47
Normal Defense
1 - 33% - 36% - 17:54
2 - 28% - 31% - 14:55
3 - 30% - 23% - 16:24
4 - 9% - 10% - 4:50
PP Forward
1 - 38% - 55% - 2:16
2 - 62% - 45% - 3:41
PP Defense
1 - 55% - 55% - 3:17
2 - 45% - 45% - 2:40
PK Forward
1 - 0% - 55%
2 - 0% - 45%
PK Defense
1 - 0% - 55%
2 - 0% - 45%
PK3 Forward
1 - 0% - 55%
2 - 0% - 45%
PK3 Defense
1 - 0% - 55%
2 - 0% - 45%
44 Forward
1 - 0% - 55%
2 - 0% - 45%
44 Defense
1 - 0% - 55%
2 - 0% - 45%
Last Minute Offensive  - 0:00
Last Minute Defensive  - 0:00
Total
Forward - 60:00
Defense - 60:00
% Time on Ice - VANCOUVER VOODOO
Lines # - Real PCT - Wanted PCT - Time Play
Normal Forward
1 - 30% - 33% - 16:04
2 - 27% - 31% - 14:45
3 - 23% - 24% - 12:15
4 - 20% - 12% - 10:59
Normal Defense
1 - 35% - 36% - 18:53
2 - 33% - 34% - 17:44
3 - 32% - 30% - 17:08
4 - 1% - 0% - 0:18
PP Forward
1 - 0% - 55%
2 - 0% - 45%
PP Defense
1 - 0% - 50%
2 - 0% - 50%
PK Forward
1 - 57% - 55% - 3:23
2 - 43% - 45% - 2:34
PK Defense
1 - 52% - 50% - 3:05
2 - 48% - 50% - 2:52
PK3 Forward
1 - 0% - 55%
2 - 0% - 45%
PK3 Defense
1 - 0% - 55%
2 - 0% - 45%
44 Forward
1 - 0% - 55%
2 - 0% - 45%
44 Defense
1 - 0% - 50%
2 - 0% - 50%
Last Minute Offensive  - 0:00
Last Minute Defensive  - 0:00
Total
Forward - 60:00
Defense - 60:00
Play-by-Play 1st period 0:01 of 1st period - Adam Lowry wins face-off versus Michael Rasmussen in neutral zone. 0:10 of 1st period - Shot by Adam Lowry. 0:10 of 1st period - Deflect By Marcus Johansson. 0:10 of 1st period - Stopped by Robin Lehner with a rebound. 0:26 of 1st period - Shot by Adam Lowry. 0:26 of 1st period - Shot Misses the Net. 0:30 of 1st period - Shot by Adam Lowry. 0:30 of 1st period - Shot Misses the Net. 1:33 of 1st period - Icing by Nikolai Knyzhov. 1:34 of 1st period - Jake Evans wins face-off versus Michael Rasmussen in ANAHEIM OUTLAWS zone. 1:49 of 1st period - Shot by Ilya Mikheyev. 1:49 of 1st period - Shot Blocked by Nikolai Knyzhov. 2:23 of 1st period - Icing by Nicolas Hague. 2:24 of 1st period - Kasperi Kapanen wins face-off versus Adam Gaudette in VANCOUVER VOODOO zone. 2:28 of 1st period - Michael Bunting is hit by Nicolas Hague and loses puck. 2:47 of 1st period - Shot by Adam Gaudette. 2:47 of 1st period - Shot Misses the Net. 2:49 of 1st period - Shot by Nicolas Hague. 2:49 of 1st period - Stopped by Robin Lehner without a rebound. 2:50 of 1st period - Adrian Kempe wins face-off versus Adam Lowry in ANAHEIM OUTLAWS zone. 2:50 of 1st period - Adrian Kempe is hit by Adam Lowry. 3:16 of 1st period - Shot by Adrian Kempe. 3:16 of 1st period - Stopped by Braden Holtby without a rebound. 3:17 of 1st period - Noel Acciari wins face-off versus Jordan Staal in VANCOUVER VOODOO zone. 3:41 of 1st period - Shot by Michael Bunting. 3:41 of 1st period - Stopped by Braden Holtby without a rebound. 3:42 of 1st period - Jake Evans wins face-off versus Adrian Kempe in VANCOUVER VOODOO zone. 3:42 of 1st period - Jake Evans is hit by Pius Suter. 4:40 of 1st period - Icing by Noah Hanifin. 4:41 of 1st period - Jordan Staal wins face-off versus Adam Lowry in ANAHEIM OUTLAWS zone. 6:03 of 1st period - Morgan Rielly is hit by Adam Lowry and loses puck. 7:02 of 1st period - Shot by Pius Suter. 7:02 of 1st period - Shot Blocked by Nicolas Hague. 7:14 of 1st period - Shot by Brendan Lemieux. 7:14 of 1st period - Stopped by Robin Lehner with a rebound. 7:30 of 1st period - Shot by Brendan Lemieux. 7:30 of 1st period - Stopped by Robin Lehner with a rebound. 8:26 of 1st period - Shot by Kasperi Kapanen. 8:26 of 1st period - Shot Misses the Net. 8:28 of 1st period - Shot by Michael Bunting. 8:28 of 1st period - Goal by Michael Bunting - ANAHEIM OUTLAWS : 1 - VANCOUVER VOODOO : 0. 8:29 of 1st period - Adam Lowry wins face-off versus Michael Rasmussen in neutral zone. 8:34 of 1st period - Shot by Marcus Johansson. 8:34 of 1st period - Shot Hit the Post. 8:59 of 1st period - Andreas Johnsson is hit by Morgan Rielly. 9:56 of 1st period - Off-side. 9:57 of 1st period - Jordan Staal wins face-off versus Adam Gaudette in neutral zone. 10:22 of 1st period - Shot by Adam Gaudette. 10:22 of 1st period - Shot Hit the Post. 11:34 of 1st period - Shot by Pius Suter. 11:34 of 1st period - Stopped by Braden Holtby without a rebound. 11:35 of 1st period - Adrian Kempe wins face-off versus Adam Lowry in VANCOUVER VOODOO zone. 11:46 of 1st period - Marcus Johansson is hit by Pius Suter and loses puck. 12:28 of 1st period - Shot by Jordan Staal. 12:28 of 1st period - Shot Hit the Post. 12:46 of 1st period - Shot by Kasperi Kapanen. 12:46 of 1st period - Stopped by Braden Holtby without a rebound. 12:47 of 1st period - Michael Rasmussen wins face-off versus Noel Acciari in VANCOUVER VOODOO zone. 12:47 of 1st period - Minor Penalty to Nicolas Hague for Hooking. 12:48 of 1st period - Jordan Staal wins face-off versus Jake Evans in VANCOUVER VOODOO zone. 13:17 of 1st period - Shot by Kevin Fiala. 13:17 of 1st period - Shot Misses the Net. 13:19 of 1st period - Shot by Haydn Fleury. 13:19 of 1st period - Shot Misses the Net. 13:21 of 1st period - Shot by Noah Hanifin. 13:21 of 1st period - Stopped by Braden Holtby without a rebound. 13:22 of 1st period - Noel Acciari wins face-off versus Pius Suter in VANCOUVER VOODOO zone. 13:22 of 1st period - Noel Acciari is hit by Zach Parise. 14:41 of 1st period - Shot by Kevin Fiala. 14:41 of 1st period - Shot Misses the Net. 14:43 of 1st period - Shot by Haydn Fleury. 14:43 of 1st period - Stopped by Braden Holtby without a rebound. 14:44 of 1st period - Jake Evans wins face-off versus Pius Suter in VANCOUVER VOODOO zone. 15:01 of 1st period - Shot by Kevin Fiala. 15:01 of 1st period - Shot Misses the Net. 15:15 of 1st period - Shot by Brendan Lemieux. 15:15 of 1st period - Shot Hit the Post. 15:22 of 1st period - Icing by Kevin Fiala. 15:23 of 1st period - Jake Evans wins face-off versus Michael Rasmussen in ANAHEIM OUTLAWS zone. 16:35 of 1st period - Icing by Noel Acciari. 16:36 of 1st period - Jordan Staal wins face-off versus Jonathan Drouin in VANCOUVER VOODOO zone. 16:40 of 1st period - Icing by Mikko Lehtonen. 16:41 of 1st period - Jordan Staal wins face-off versus Noel Acciari in VANCOUVER VOODOO zone. 17:10 of 1st period - Shot by Marcus Johansson. 17:10 of 1st period - Stopped by Robin Lehner with a rebound. 17:12 of 1st period - Shot by Andreas Johnsson. 17:12 of 1st period - Shot Misses the Net. 17:28 of 1st period - Shot by Marcus Johansson. 17:28 of 1st period - Deflect By Adam Lowry. 17:28 of 1st period - Shot Misses the Net. 18:31 of 1st period - Icing by Jake DeBrusk. 18:32 of 1st period - Adrian Kempe wins face-off versus Noel Acciari in ANAHEIM OUTLAWS zone. 19:32 of 1st period - Icing by Nicolas Hague. 19:33 of 1st period - Adam Gaudette wins face-off versus Kevin Fiala in VANCOUVER VOODOO zone. 19:46 of 1st period - Shot by Adam Gaudette. 19:46 of 1st period - Shot Blocked by Thomas Hickey. 19:48 of 1st period - Shot by Adam Gaudette. 19:48 of 1st period - Shot Blocked by Henri Jokiharju. Goals for this period are 1 for ANAHEIM OUTLAWS vs 0 for VANCOUVER VOODOO. Shots for this period are 7 for ANAHEIM OUTLAWS vs 5 for VANCOUVER VOODOO. 2nd period 0:01 of 2nd period - Adam Lowry wins face-off versus Michael Rasmussen in neutral zone. 0:28 of 2nd period - Shot by Marcus Johansson. 0:28 of 2nd period - Stopped by Robin Lehner without a rebound. 0:29 of 2nd period - Noel Acciari wins face-off versus Jordan Staal in ANAHEIM OUTLAWS zone. 0:46 of 2nd period - Shot by Jordan Staal. 0:46 of 2nd period - Stopped by Braden Holtby without a rebound. 0:47 of 2nd period - Jake Evans wins face-off versus Jeff Skinner in VANCOUVER VOODOO zone. 0:47 of 2nd period - Jake Evans is hit by Rocco Grimaldi. 1:14 of 2nd period - Shot by Zach Parise. 1:14 of 2nd period - Stopped by Braden